 Dungeon Crawl Stone Soup version 0.31-a0-1-g4198be8af4 (webtiles) character file.

Game seed: 4958858503783062334

107 qeuew the Covered (level 4, 0/26 HPs)
             Began as a Gargoyle Fighter on May 2, 2023.
             Was a Follower of Hepliaklqana.
             Slain by a goblin
             ... wielding a +0 club
             ... led by Robin
              (5 damage)
             ... on level 2 of the Dungeon.
             The game lasted 00:02:01 (745 turns).

qeuew the Covered (Gargoyle Fighter)                 Turns: 745, Time: 00:02:01

Health: 0/26       AC: 10    Str: 21    XL:     4   Next: 86%
Magic:  4/4        EV:  9    Int:  9    God:    Hepliaklqana [*.....]
Gold:   73         SH:  4    Dex:  9    Spells: 3/3 levels left

rFire   . . .        a - +0 flail
rCold   . . .        c - +0 buckler
rNeg    + . .        b - +0 scale mail
rPois   ∞            (no helmet)
rElec   +            (no cloak)
rCorr   .            (no gloves)
SInv    .            (no boots)
Will    .....        (no amulet) Stlth
                     h - ring of flight
HPRegen 0.24/turn    (no ring)
MPRegen 0.09/turn

%: no passive effects
@: flying
A: reduced essence, sickness immunity, AC +3, negative energy resistance 1,
electricity resistance, torment resistance 1, petrification resistance
a: Renounce Religion, Recall Ancestor, Ancestor Identity


You were on level 2 of the Dungeon.
You worshipped Hepliaklqana.
Hepliaklqana was aware of your devotion.
You visited 1 branch of the dungeon, and saw 2 of its levels.

You collected 73 gold pieces.

Inventory:

Hand Weapons
 a - a +0 flail (weapon)
Armour
 b - a +0 scale mail (worn)
 c - a +0 buckler (worn)
Jewellery
 h - a ring of flight (left hand)
 i - an amulet of the acrobat
Scrolls
 e - 3 scrolls of identify
 f - a scroll of magic mapping
 g - 2 scrolls of teleportation
Potions
 d - a potion of might
 j - a potion of curing {unknown}
 k - a potion of mutation {unknown}
 l - a potion of degeneration {unknown}


   Skills:
 + Level 3.8 Fighting
 * Level 3.1 Maces & Flails
 * Level 4.3 Armour
 + Level 3.8 Shields


You had 3 spell levels left.
You didn't know any spells.
Your spell library was empty.

Dungeon Overview and Level Annotations

Branches:
Dungeon (2/15)

Altars:
Hepliaklqana


Innate Abilities, Weirdness & Mutations

Your life essence is reduced to manifest your ancestor. (-10% HP)
You are immune to sickness and miasma.
Your stone body is resilient. (AC +3)
You are immune to poison.
You resist negative energy. (rN+)
You are resistant to electric shocks. (rElec)
You are resistant to unholy torment.
You are immune to petrification.


Message History

The goblin is heavily wounded.
The goblin hits you but does no damage.
You hit the goblin.
You kill the goblin!
Robin roars a battlecry!
The goblins go into a battle-frenzy!
The goblin hits you but does no damage.
You hear a shout!
You barely miss the goblin. The goblin hits you with a +0 club.
You sock the goblin!
You kill the goblin!
You hit Robin.
Robin is moderately wounded.
Robin hits you with a +0 short sword.
You hit Robin.
Robin is severely wounded.
Robin hits you with a +0 short sword.
You hit Robin.
You kill Robin!
You barely miss the goblin. The goblin misses you.
The goblin hits you with a +0 club.
You closely miss the goblin. The goblin hits you with a +0 club.
You are too injured to fight recklessly!
You are too injured to fight recklessly!
You are too injured to fight recklessly!
You are too injured to fight recklessly!
You are too injured to fight recklessly!
You are too injured to fight recklessly!
You are too injured to fight recklessly!
You are too injured to fight recklessly!
You are too injured to fight recklessly!
You are too injured to fight recklessly!
You are too injured to fight recklessly!
You are too injured to fight recklessly!
You are too injured to fight recklessly!
Unknown command.
You closely miss the goblin. The goblin hits you with a +0 club.
* * * LOW HITPOINT WARNING * * *
You hit the goblin but do no damage. The goblin hits you with a +0 club.
You die...

..........#
..........# ..
.....)....# ..
..........# .
....<.....# .#
..........## ###.
...........# #..
######.###.# #g#
######..##.# #@#
#...###....#####R#
#.......##..##...#
##.####.##....)###
#..# #...##...# ..##
###.........#
...######.#......##
#.........#........
...†#######......#..


You could see the friendly LoliLover69 the ancestor and a goblin (strong, ally
target).

Vanquished Creatures
  Natasha (D:2)
  Terence (D:2)
  Robin (D:2)
  A dart slug (D:1)
  5 endoplasms (D:1)
  2 giant cockroaches (D:1)
  8 goblins
  2 hobgoblins
  3 jackals (D:1)
  4 kobolds (D:1)
  A quokka (D:1)
  3 ball pythons (D:1)
  4 bats (D:1)
  2 frilled lizards (D:1)
  3 rats
41 creatures vanquished.

Vanquished Creatures (collateral kills)
  A jackal (D:1)
  2 kobolds
  A bat (D:1)
  A frilled lizard (D:1)
5 creatures vanquished.

Grand Total: 46 creatures vanquished

Notes
Turn   | Place    | Note
-------+----------+-------------------------------------------
     0 | D:1      | qeuew the Gargoyle Fighter began the quest for the Orb.
     0 | D:1      | Reached XP level 1. HP: 14/14 MP: 1/1
    73 | D:1      | Reached XP level 2. HP: 7/19 MP: 2/2
   157 | D:1      | Found a faded altar of an unknown god.
   217 | D:1      | Reached XP level 3. HP: 9/23 MP: 3/3
   239 | D:1      | Prayed at the altar of an unknown god.
   239 | D:1      | Became a worshipper of Hepliaklqana the Forgotten
   239 | D:1      | Reached * piety under Hepliaklqana
   636 | D:2      | Noticed Natasha
   644 | D:2      | Killed Natasha
   645 | D:2      | Reached skill level 4 in Armour
   645 | D:2      | Reached XP level 4. HP: 23/26 MP: 4/4
   686 | D:2      | Noticed Terence
   697 | D:2      | Killed Terence
   719 | D:2      | Noticed Robin
   741 | D:2      | Killed Robin
   745 | D:2      | Slain by a goblin

Illustrated notes

Levels and vault maps discovered:
D:1:      mrwooster_arrival_statue_2, layout_rooms,
          ebering_ecumenical_altar_rust, minmay_split_cup_large
D:2:      layout_rooms, uniq_robin, uniq_natasha, uniq_terence, uniq_jessica

Skill      XL: |  1  2  3  4 |
---------------+-------------+-----
Armour         | 4 |  4.3
Maces & Flails | 3 |  3.1
Fighting       | |  3.8
Shields        | |  3.8

Action                     |  1- 3 |  4- 6 || total
---------------------------+-------+-------++-------
  Melee: Flail             |   100 |    35 ||   135
 Invoke: Ancestor Identity |     1 |       ||     1
    Use: Scroll            |     2 |       ||     2
 Armour: Scale mail        |   101 |    11 ||   112
  Dodge: Dodged            |    69 |    14 ||    83
  Block: Buckler           |    35 |     4 ||    39

Table legend: (Time is in decaauts)
 A = Elapsed time spent in this place.
 B = Non-inter-level travel time spent in this place.
 C = Inter-level travel time spent in this place.
 D = Time resting spent in this place.
 E = Time spent auto-exploring this place.
 F = Levels seen in this place.
 G = Mean time per level.
                   A        B        C        D        E       F      G
               +--------+--------+--------+--------+--------+-----+--------+
         Total |    785 |    771 |     14 |      0 |    480 |   2 |  392.5 |
       Dungeon |    785 |    771 |     14 |      0 |    480 |   2 |  392.5 |
               +--------+--------+--------+--------+--------+-----+--------+

Top non-repeatable levels by time:
     D:1: 592 daAuts
     D:2: 193 daAuts
